[ AOE2 MATCH · #505048663 ]
UnrankedLithuanians vs Britons
Player's team · WIN
Rival team · LOSS
[ REPLAY ANALYSIS · EXTRACTED FROM THE RECORDED GAME ]
Feudal
8:51
Castle
22:40
Imperial
—
| APM avg | 74.3 |
| APM peak | 109 |
| eAPM avg | 24.9 |
| Villagers / military | 49 / 25 |
Focus
⚔️ 20.3% · 🌾 79.7%
Skirmisher ×14 · Scout Cavalry ×5 · Spearman ×4 · Archer ×1 · Knight ×1
Feudal
8:51
Castle
—
Imperial
—
| APM avg | 73.2 |
| APM peak | 107 |
| eAPM avg | 21.7 |
| Villagers / military | 41 / 32 |
Focus
⚔️ 35.8% · 🌾 64.2%
Archer ×17 · Scout Cavalry ×9 · Militia ×3 · Spearman ×3
Match map
Initial resources + every placement click. Lines = walls · curves = elevation contours. ◆ gold · ⬟ stone · ● berries · ✦ relic · ◌ wall gap
Your base· Open — 3t gap
Spooner's base· ✓ Closed at 21:22 · 5t walls · 1 gate(s)
Smoothed initial terrain · ◌ = detected wall gap · hover for details
Inputs per minute
— 3szz - - Spooner
Build order — 3szz
133 actions detected in the replay
| 0:01 | Queue | Villager (Male) |
| 0:01 | Queue | Villager (Male) |
| 0:02 | Build | House |
| 0:03 | Build | House |
| 0:11 | Queue | Villager (Male) |
| 0:11 | Queue | Villager (Male) |
| 0:11 | Queue | Villager (Male) |
| 0:36 | Queue | Villager (Male) |
| 0:36 | Queue | Villager (Male) |
| 1:29 | Queue | Villager (Male) |
| 1:29 | Queue | Villager (Male) |
| 1:44 | Build | Lumber Camp |
| 1:49 | Queue | Villager (Male) |
| 1:49 | Queue | Villager (Male) |
| 2:21 | Queue | Villager (Male) |
| 2:33 | Queue | Villager (Male) |
| 2:58 | Build | House |
| 3:35 | Queue | Villager (Male) |
| 3:44 | Queue | Villager (Male) |
| 4:27 | Queue | Villager (Male) |
| 4:28 | Queue | Villager (Male) |
| 4:41 | Build | Mill |
| 5:19 | Queue | Villager (Male) |
| 5:36 | Queue | Villager (Male) |
| 5:55 | Build | House |
| 6:16 | Queue | Villager (Male) |
| 6:31 | Research | Feudal Age |
| 7:05 | Research | Loom |
| 7:11 | Build | Barracks |
| 8:01 | Queue | Villager (Male) |
| 8:46 | Queue | Villager (Male) |
| 8:51 | Age | Feudal Age |
| 8:54 | Build | Stable |
| 9:03 | Build | Palisade Wall |
| 9:06 | Build | House |
| 9:15 | Queue | Villager (Male) |
| 9:17 | Research | Double-Bit Axe |
| 9:19 | Build | Archery Range |
| 9:41 | Queue | Scout Cavalry |
| 9:41 | Queue | Scout Cavalry |
| 9:49 | Queue | Archer |
| 9:52 | Queue | Villager (Male) |
| 10:18 | Queue | Villager (Male) |
| 10:32 | Queue | Scout Cavalry |
| 10:48 | Queue | Villager (Male) |
| 11:10 | Queue | Skirmisher |
| 11:10 | Queue | Skirmisher |
| 11:23 | Queue | Villager (Male) |
| 11:25 | Build | House |
| 11:28 | Research | Town Watch |
| 11:29 | Research | Town Watch |
| 11:29 | Queue | Villager (Male) |
| 11:56 | Build | House |
| 12:17 | Queue | Skirmisher |
| 12:17 | Queue | Skirmisher |
| 12:20 | Build | House |
| 12:26 | Queue | Skirmisher |
| 12:30 | Queue | Villager (Male) |
| 12:32 | Build | Blacksmith |
| 12:42 | Research | Horse Collar |
| 12:45 | Build | Farm |
| 12:48 | Queue | Villager (Male) |
| 12:56 | Build | Mining Camp |
| 13:02 | Build | Farm |
| 13:10 | Queue | Villager (Male) |
| 13:21 | Build | Farm |
| 13:22 | Build | Farm |
| 13:32 | Queue | Skirmisher |
| 13:32 | Queue | Skirmisher |
| 13:42 | Queue | Villager (Male) |
| 13:44 | Build | Farm |
| 14:04 | Research | Padded Archer Armor |
| 14:07 | Build | Farm |
| 14:09 | Queue | Villager (Male) |
| 14:22 | Queue | Villager (Male) |
| 14:24 | Build | House |
| 14:45 | Research | Fletching |
| 14:50 | Queue | Skirmisher |
| 14:50 | Queue | Skirmisher |
| 15:11 | Queue | Villager (Male) |
| 15:41 | Queue | Villager (Male) |
| 15:47 | Queue | Skirmisher |
| 15:47 | Queue | Skirmisher |
| 16:02 | Queue | Villager (Male) |
| 16:15 | Queue | Scout Cavalry |
| 16:19 | Queue | Villager (Male) |
| 16:28 | Queue | Villager (Male) |
| 16:31 | Build | Lumber Camp |
| 16:59 | Build | House |
| 17:02 | Research | Wheelbarrow |
| 17:36 | Queue | Villager (Male) |
| 17:47 | Build | Market |
| 17:58 | Queue | Villager (Male) |
| 18:03 | Build | Mill |
| 18:10 | Build | Mill |
| 18:11 | Build | Farm |
| 18:11 | Build | Farm |
| 18:11 | Build | Farm |
| 18:12 | Build | Farm |
| 18:12 | Build | Farm |
| 18:12 | Build | Farm |
| 18:19 | Queue | Scout Cavalry |
| 18:22 | Queue | Villager (Male) |
| 18:26 | Build | House |
| 18:44 | Queue | Spearman |
| 18:50 | Queue | Villager (Male) |
| 19:28 | Queue | Villager (Male) |
| 19:58 | Research | Castle Age |
| 20:08 | Build | Stable |
| 20:11 | Queue | Skirmisher |
| 20:11 | Queue | Skirmisher |
| 20:11 | Queue | Skirmisher |
| 20:23 | Build | Palisade Wall |
| 20:24 | Build | Palisade Wall |
| 20:28 | Build | Palisade Wall |
| 20:43 | Queue | Spearman |
| 20:43 | Queue | Spearman |
| 20:58 | Research | Bloodlines |
| 20:58 | Research | Bloodlines |
| 21:07 | Queue | Spearman |
| 21:31 | Build | Palisade Wall |
| 21:52 | Build | Mining Camp |
| 22:03 | Queue | Villager (Male) |
| 22:29 | Queue | Villager (Male) |
| 22:40 | Age | Castle Age |
| 22:42 | Build | Town Center |
| 22:47 | Queue | Villager (Male) |
| 22:53 | Queue | Knight |
| 23:10 | Build | Town Center |
| 23:12 | Queue | Villager (Male) |
| 23:34 | Research | Scale Barding Armor |
| 23:34 | Research | Scale Barding Armor |
| 23:41 | Queue | Villager (Male) |
Build order — Spooner
136 actions detected in the replay
| 0:00 | Queue | Villager (Male) |
| 0:00 | Queue | Villager (Male) |
| 0:01 | Queue | Villager (Male) |
| 0:02 | Build | House |
| 0:03 | Build | House |
| 0:05 | Queue | Villager (Male) |
| 0:38 | Build | Lumber Camp |
| 1:21 | Queue | Villager (Male) |
| 1:44 | Queue | Villager (Male) |
| 2:04 | Queue | Villager (Male) |
| 2:30 | Queue | Villager (Male) |
| 3:08 | Queue | Villager (Male) |
| 3:09 | Queue | Villager (Male) |
| 3:23 | Build | House |
| 3:27 | Build | House |
| 3:31 | Queue | Villager (Male) |
| 3:32 | Queue | Villager (Male) |
| 3:44 | Queue | Villager (Male) |
| 5:11 | Queue | Villager (Male) |
| 5:13 | Queue | Villager (Male) |
| 5:22 | Build | Barracks |
| 5:25 | Queue | Villager (Male) |
| 6:26 | Build | House |
| 6:41 | Research | Feudal Age |
| 6:58 | Queue | Militia |
| 6:58 | Queue | Militia |
| 7:04 | Build | Mining Camp |
| 7:21 | Queue | Militia |
| 8:21 | Build | House |
| 8:22 | Build | House |
| 8:51 | Age | Feudal Age |
| 8:55 | Research | Man-at-Arms (upgrade) |
| 8:59 | Build | Archery Range |
| 9:00 | Research | Double-Bit Axe |
| 9:08 | Queue | Villager (Male) |
| 9:08 | Queue | Villager (Male) |
| 9:14 | Queue | Villager (Male) |
| 9:16 | Build | House |
| 9:42 | Queue | Spearman |
| 9:56 | Queue | Archer |
| 9:56 | Queue | Archer |
| 9:56 | Queue | Archer |
| 10:29 | Queue | Villager (Male) |
| 10:30 | Queue | Archer |
| 10:34 | Queue | Spearman |
| 11:04 | Queue | Villager (Male) |
| 11:04 | Queue | Villager (Male) |
| 11:16 | Queue | Villager (Male) |
| 11:22 | Build | Blacksmith |
| 11:41 | Queue | Villager (Male) |
| 11:41 | Queue | Villager (Male) |
| 11:45 | Queue | Spearman |
| 11:47 | Queue | Villager (Male) |
| 11:50 | Research | Fletching |
| 11:53 | Queue | Villager (Male) |
| 12:32 | Queue | Villager (Male) |
| 12:32 | Queue | Villager (Male) |
| 12:39 | Queue | Villager (Male) |
| 12:42 | Build | Outpost |
| 12:49 | Build | Mill |
| 12:57 | Build | House |
| 13:06 | Build | Palisade Wall |
| 13:07 | Build | Palisade Wall |
| 13:10 | Build | Palisade Wall |
| 13:14 | Build | House |
| 13:14 | Build | House |
| 13:19 | Build | Palisade Gate |
| 13:19 | Queue | Villager (Male) |
| 13:25 | Build | Farm |
| 13:28 | Research | Horse Collar |
| 13:31 | Build | Palisade Wall |
| 13:32 | Build | House |
| 13:34 | Build | Palisade Wall |
| 13:42 | Build | House |
| 13:53 | Build | Farm |
| 13:54 | Build | Farm |
| 13:59 | Build | Stable |
| 14:16 | Queue | Villager (Male) |
| 14:19 | Build | Farm |
| 14:21 | Build | Farm |
| 14:22 | Build | Farm |
| 14:26 | Build | Farm |
| 14:35 | Queue | Villager (Male) |
| 14:51 | Queue | Villager (Male) |
| 14:53 | Build | Farm |
| 14:55 | Build | Farm |
| 15:18 | Queue | Scout Cavalry |
| 15:18 | Queue | Scout Cavalry |
| 15:41 | Queue | Scout Cavalry |
| 15:41 | Queue | Scout Cavalry |
| 15:55 | Build | Farm |
| 16:10 | Queue | Scout Cavalry |
| 16:17 | Build | Farm |
| 16:18 | Queue | Villager (Male) |
| 16:33 | Build | Farm |
| 16:34 | Build | Farm |
| 16:35 | Build | Farm |
| 16:35 | Queue | Villager (Male) |
| 16:45 | Build | Farm |
| 16:49 | Queue | Archer |
| 16:49 | Queue | Archer |
| 16:50 | Queue | Villager (Male) |
| 17:07 | Research | Scale Barding Armor |
| 17:34 | Queue | Scout Cavalry |
| 17:34 | Queue | Scout Cavalry |
| 17:38 | Build | Farm |
| 17:40 | Build | Farm |
| 17:46 | Build | Farm |
| 17:49 | Queue | Scout Cavalry |
| 17:50 | Queue | Scout Cavalry |
| 17:54 | Build | Farm |
| 18:08 | Queue | Villager (Male) |
| 18:13 | Build | Farm |
| 18:23 | Queue | Villager (Male) |
| 19:40 | Research | Loom |
| 19:46 | Queue | Villager (Male) |
| 20:13 | Research | Loom |
| 20:48 | Build | Archery Range |
| 20:50 | Queue | Villager (Male) |
| 20:54 | Build | Market |
| 21:22 | Research | Castle Age |
| 21:54 | Build | Archery Range |
| 21:56 | Research | Gold Mining |
| 22:12 | Queue | Archer |
| 22:12 | Queue | Archer |
| 22:12 | Queue | Archer |
| 22:13 | Queue | Archer |
| 22:14 | Research | Padded Archer Armor |
| 22:35 | Queue | Archer |
| 22:35 | Queue | Archer |
| 22:36 | Queue | Archer |
| 23:13 | Queue | Archer |
| 23:13 | Queue | Archer |
| 23:15 | Build | Outpost |
| 23:17 | Queue | Archer |
| 23:17 | Queue | Archer |
Match timeline
| 5:22 | Spooner · first_building Barracks |
| 7:11 | 3szz · first_building Barracks |
| 8:51 | Spooner · age_up feudal |
| 8:51 | 3szz · age_up feudal |
| 8:54 | 3szz · first_building Stable |
| 8:59 | Spooner · first_building Archery Range |
| 9:03 | 3szz · wall_segment Palisade Wall x1 |
| 9:19 | 3szz · first_building Archery Range |
| 13:06 | Spooner · wall_segment Palisade Wall x1 |
| 13:07 | Spooner · wall_segment Palisade Wall x1 |
| 13:10 | Spooner · wall_segment Palisade Wall x1 |
| 13:31 | Spooner · wall_segment Palisade Wall x1 |
| 13:34 | Spooner · wall_segment Palisade Wall x1 |
| 13:59 | Spooner · first_building Stable |
| 19:55 | 3szz · first_market_sell 100 wood |
| 19:56 | 3szz · first_market_buy 100 food |
| 20:23 | 3szz · wall_segment Palisade Wall x1 |
| 20:24 | 3szz · wall_segment Palisade Wall x1 |
| 20:28 | 3szz · wall_segment Palisade Wall x1 |
| 21:31 | 3szz · wall_segment Palisade Wall x1 |
| 22:11 | Spooner · first_market_sell 100 stone |
| 22:40 | 3szz · age_up castle |
| 23:54 | Spooner · resign |
[ AI ANALYSIS · 1 CREDIT ]
What really happened in this match?
Wolo.gg analyzes every decision: build order, eco, micro, common mistakes by bracket. Personalized analysis on WhatsApp or Discord in 30 seconds.
Civ guide
Lithuanians
Perfil
3szz